 Dungeon Crawl Stone Soup version 0.21.1-1-g345015f (webtiles) character file.

1955 nulman the Reanimator (level 9, -1/60 HPs)
             Began as a Human Necromancer on June 9, 2018.
             Slain by a wyvern (17 damage)
             ... on level 8 of the Dungeon on June 10, 2018.
             The game lasted 01:21:13 (7388 turns).

nulman the Reanimator (Human Necromancer)           Turns: 7388, Time: 01:21:14

Health: -1/60      AC:  5    Str:  9    XL:     9   Next: 42%
Magic:  3/19       EV: 13    Int: 18    God:
Gold:   183        SH:  0    Dex: 14    Spells: 3/21 levels left

rFire    + . .     SeeInvis .   G - +1 mace (holy)
rCold    . . .     Gourm    .   (no shield)
rNeg     . . .     Faith    .   u - +0 robe (curse)
rPois    .         Spirit   .   s - +0 helmet
rElec    .         Reflect  .   (no cloak)
rCorr    .         Harm     .   A - +1 pair of gloves of the Sixty-Six Spirits {+Inv}
MR       .....                  (no boots)
Stlth    ++........             (no amulet)
HPRegen  0.20/turn              L - ring of protection from fire
MPRegen  0.16/turn              (no ring)

@: no status effects
A: no striking features
a: Evoke Invisibility


You were on level 8 of the Dungeon.
You were hungry.

You visited 1 branch of the dungeon, and saw 8 of its levels.

You collected 183 gold pieces.

Inventory:

Hand Weapons
 f - a +0 whip of draining
 q - a +0 shortbow
 x - a +2 dagger of draining
 y - a +3 flail
 G - a +1 mace of holy wrath (weapon)
 N - a +4 dagger
Missiles
 e - 59 bolts
 p - 162 stones (quivered)
 D - 14 poisoned needles
 M - 32 arrows
Armour
 n - a +0 pair of gloves
 s - a +0 helmet (worn)
 u - a cursed +0 robe (worn)
 A - the +1 pair of gloves of the Sixty-Six Spirits (worn) {+Inv}
   (You found it on level 4 of the Dungeon)

   It lets you turn invisible.
 C - a +3 ring mail
Jewellery
 L - a ring of protection from fire (left hand)
Wands
 w - a wand of random effects (21)
 z - a wand of disintegration (15)
Scrolls
 h - 2 scrolls of blinking {unknown}
 j - a scroll of fear
 k - a scroll of acquirement {unknown}
 l - 2 scrolls of enchant weapon
 m - 4 scrolls of immolation
 o - 2 scrolls of teleportation {unknown}
 r - 3 scrolls of remove curse
 t - a scroll of amnesia {unknown}
 v - a scroll of fog
 I - 2 scrolls of noise {unknown}
Potions
 a - 2 potions of agility
 d - 2 potions of curing
 g - 2 potions of might
 i - a potion of cancellation {unknown}
 B - 2 potions of flight {unknown}
 E - a potion of lignification {unknown}
 F - a potion of berserk rage {unknown}
 J - a potion of mutation {unknown}
Books
 b - a book of Necromancy

   Spells                             Type                      Level
   a - Pain                           Necromancy                   1
   b - Animate Skeleton               Necromancy                   1
   c - Vampiric Draining              Necromancy                   3
   d - Regeneration                   Charms/Necromancy            3
   e - Animate Dead                   Necromancy                   4
   f - Borgnjor's Vile Clutch         Necromancy/Earth             5
 H - a book of Callings

   Spells                             Type                      Level
   a - Summon Small Mammal            Summoning                    1
   b - Call Imp                       Summoning                    2
   c - Call Canine Familiar           Summoning                    3
   d - Summon Guardian Golem          Hexes/Summoning              3
   e - Summon Lightning Spire         Summoning/Air                4
   f - Summon Ice Beast               Ice/Summoning                4
 K - a book of Maledictions

   Spells                             Type                      Level
   a - Corona                         Hexes                        1
   b - Ensorcelled Hibernation        Hexes/Ice                    2
   c - Confuse                        Hexes                        3
   d - Tukima's Dance                 Hexes                        3
   e - Dazzling Spray                 Conjuration/Hexes            3
Comestibles
 c - 9 rations


   Skills:
 + Level 1.6 Fighting
 + Level 3.3 Dodging
 + Level 3.0 Stealth
 + Level 6.8 Spellcasting
 * Level 2.2 Hexes
 + Level 0.7 Charms
 + Level 8.8 Necromancy
 + Level 0.6 Evocations


You had 3 spell levels left.
You knew the following spells:

 Your Spells              Type           Power        Failure   Level  Hunger
a - Pain                  Necr           ####         1%          1    None
b - Animate Skeleton      Necr           N/A          1%          1    None
c - Vampiric Draining     Necr           #####.....   1%          3    ##.....
d - Regeneration          Chrm/Necr      ###.......   4%          3    ##.....
e - Animate Dead          Necr           N/A          2%          4    ####...
f - Confuse               Hex            ##......     13%         3    ##.....
g - Summon Guardian Gole  Hex/Summ       ##......     21%         3    ##.....


Dungeon Overview and Level Annotations

Branches:
Dungeon (8/15)
 Temple: D:4-7         Lair: D:8-11

Altars:
Hepliaklqana
Xom

Shops:
D:6 (


Message History

t - Shout!
Orders for allies: a - Attack new target. p - Attack previous target. r - Retreat! s - Stop attacking. g - Guard the area. f - Follow me.
Anything else - Cancel.
Gang up on whom?
Press: ? - help, Dir - move target cursor, f - orc, p - big kobold
Aim: an orc Attack!
The big kobold hits you with a dagger of speed.
* * * LOW HITPOINT WARNING * * *
The orc hits your guardian golem with a club.
The orc wizard gestures wildly while chanting.
The orc wizard flickers and vanishes!
The kobold closely misses you.
Your magical contamination has completely faded away.
There is a stone staircase leading down here.
Something hits you but does no damage.
You climb downwards.
The wyvern misses you. The wyvern bites you!
You die...

....
##....
###......
#........
#......#
#......#
#......#
#@.....#
#.l..a.#
#.####.#
#.# ..#
###


You could see a wyvern and a worker ant (wandering).

Vanquished Creatures
  Sigmund (D:5)
  2 water moccasins
  An orc warrior (D:7)
  2 ice beasts (D:6)
  A centaur (D:6)
  2 bullfrogs
  A scorpion (D:7)
  3 killer bees (D:7)
  A howler monkey (D:4)
  A crimson imp (D:6)
  3 orc priests
  A hound (D:7)
  8 orc wizards
  2 bullfrog skeletons (D:5)
  An iguana (D:4)
  5 worker ants
  A hound skeleton (D:4)
  Robin (D:4)
  6 adders
  A howler monkey skeleton (D:6)
  2 adder skeletons
  4 worms
  A dart slug (D:1)
  11 orcs
  A ball python (D:6)
  4 giant cockroaches
  9 goblins
  3 hobgoblins
  A jackal (D:3)
  A quokka (D:2)
  5 bats (D:1)
  3 frilled lizards
  7 kobolds
  10 rats
106 creatures vanquished.

Vanquished Creatures (collateral kills)
  A bullfrog (D:7)
  3 killer bees (D:7)
  A centaur skeleton (D:6)
  An orc wizard (D:7)
  A hound skeleton (D:4)
  An adder (D:2)
  An adder skeleton (D:4)
  A dart slug (D:1)
  A leopard gecko (D:4)
  2 orcs
  2 bats
  A giant cockroach (D:2)
  6 goblins
  2 hobgoblins (D:4)
  A frilled lizard (D:4)
  2 kobolds
  A rat (D:3)
28 creatures vanquished.

Grand Total: 134 creatures vanquished

Notes
Turn   | Place    | Note
-------+----------+-------------------------------------------
     0 | D:1      | nulman the Human Necromancer began the quest for the Orb.
     0 | D:1      | Reached XP level 1. HP: 13/13 MP: 3/3
     3 | D:1      | Learned a level 1 spell: Animate Skeleton
   571 | D:1      | Reached XP level 2. HP: 17/19 MP: 3/5
  1024 | D:1      | Reached XP level 3. HP: 13/24 MP: 1/6
  2110 | D:2      | Reached XP level 4. HP: 23/30 MP: 1/8
  2597 | D:2      | Learned a level 3 spell: Vampiric Draining
  2802 | D:3      | Reached skill level 5 in Necromancy
  2962 | D:3      | You fall through a shaft!
  2983 | D:4      | Reached XP level 5. HP: 27/35 MP: 9/9
  3130 | D:4      | Reached XP level 6. HP: 41/42 MP: 8/11
  3319 | D:4      | Got a pair of fine gloves
  3330 | D:4      | Identified the +1 pair of gloves of the Sixty-Six Spirits {+Inv} (You found it on level 4 of the Dungeon)
  3413 | D:4      | Noticed Robin
  3497 | D:4      | Killed Robin
  3712 | D:4      | Learned a level 3 spell: Regeneration
  3717 | D:4      | Learned a level 4 spell: Animate Dead
  3784 | D:4      | Found a hazy altar of Hepliaklqana.
  3815 | D:5      | Entered Level 5 of the Dungeon
  3931 | D:4      | Reached skill level 6 in Necromancy
  4170 | D:4      | Reached XP level 7. HP: 36/47 MP: 5/13
  4969 | D:5      | Noticed Sigmund
  4990 | D:5      | Killed Sigmund
  4990 | D:5      | Reached skill level 5 in Spellcasting
  5203 | D:5      | Noticed a water moccasin
  5216 | D:5      | Killed a water moccasin
  5216 | D:5      | Reached skill level 1 in Fighting
  5216 | D:5      | Reached skill level 7 in Necromancy
  5216 | D:5      | Reached XP level 8. HP: 35/54 MP: 5/15
  6029 | D:6      | Reached skill level 8 in Necromancy
  6036 | D:6      | Found Igyta's Weapon Emporium.
  6108 | D:6      | Learned a level 3 spell: Confuse
  6112 | D:6      | Learned a level 3 spell: Summon Guardian Golem
  6212 | D:6      | Reached XP level 9. HP: 17/59 MP: 5/18
  6448 | D:6      | Found a shimmering altar of Xom.
  6450 | D:6      | Found a shimmering altar of Xom.
  6472 | D:6      | Found a shimmering altar of Xom.
  6583 | D:6      | Reached skill level 1 in Hexes
  7388 | D:8      | Slain by a wyvern

Skill      XL: |  1  2  3  4  5  6  7  8  9 |
---------------+----------------------------+-----
Necromancy     | 5 6 7 8 |  8.8
Spellcasting   | 3 4 5 6 |  6.8
Fighting       | 1 |  1.6
Dodging        | 3 |  3.3
Hexes          | 2 |  2.2
Stealth        | 3 |  3.0
Charms         | |  0.7
Evocations     | |  0.6

Action                   |  1- 3 |  4- 6 |  7- 9 || total
-------------------------+-------+-------+-------++-------
Melee: Unarmed           |     4 |       |       ||     4
       Club              |    14 |    16 |       ||    30
       Whip              |       |    36 |       ||    36
       Flail             |       |    20 |    36 ||    56
       Mace              |       |       |    19 ||    19
Throw: Throwing net      |       |     1 |     3 ||     4
       Stone             |       |       |     2 ||     2
 Cast: Pain              |    59 |    71 |   108 ||   238
       Animate Skeleton  |     9 |    19 |     9 ||    37
       Vampiric Draining |       |     4 |    17 ||    21
       Animate Dead      |       |     3 |     5 ||     8
       Regeneration      |       |     2 |     3 ||     5
       Summon Guardian G |       |       |     3 ||     3
       Confuse           |       |       |     2 ||     2
 Abil: Evoke Invisibilit |       |       |     1 ||     1
  Use: Scroll            |     1 |     6 |     2 ||     9
       Potion            |       |     3 |     2 ||     5
 Stab: Sleeping          |     1 |     1 |       ||     2
       Distracted        |       |     1 |     2 ||     3
  Eat: Chunk             |     2 |     6 |     9 ||    17
       Ration            |     1 |       |     1 ||     2
Armor: Robe              |     5 |    28 |    56 ||    89
Dodge: Dodged            |    21 |    83 |   106 ||   210
